 Dungeon Crawl Stone Soup version 0.31.0-1-g2c135a008e (webtiles) character file.

Game seed: 15587105982156883119

297 qw the Shooter (level 6, -5/46 HPs)
             Began as a Djinni Hunter on Jan 23, 2024.
             Shot with an arrow by a centaur (11 damage)
             ... on level 4 of the Dungeon.
             The game lasted 00:00:10 (2743 turns).

qw the Shooter (Djinni Hunter)                      Turns: 2743, Time: 00:00:10

Health: -5/46      AC:  1    Str:  7 (9)  XL:     6   Next: 62%
Gold:   130        EV: 12    Int: 15      God:
                   SH:  0    Dex: 17

rFire   + + +        a - +1 shortbow
rCold   . . .        (shield currently unavailable)
rNeg    . . .        c - +0 leather armour
rPois   inf          (no helmet)
rElec   .            (no cloak)
rCorr   .            (no gloves)
SInv    .            (boots unavailable)
Will    .....        (no amulet)
Stlth   ++           f - ring of protection from fire
HPRegen 0.27/turn    g - ring of protection from cold
MPRegen 0.00/turn

%: infuse magic (-6 HP)
@: about to teleport, flying
A: sickness immunity, fire resistance 2, cold vulnerability 1, float, innate
caster, HP casting, extra vitality 1, clever 1, deformed body, deterioration 2
a: no special abilities


You were on level 4 of the Dungeon.
You visited 1 branch of the dungeon, and saw 4 of its levels.

You collected 130 gold pieces.


Innate Abilities, Weirdness & Mutations

You are immune to sickness and miasma.
You are immune to poison.
Your flesh is very heat resistant. (rF++)
You are vulnerable to cold. (rC-)
You float through the air rather than walking.
You learn spells naturally, not from books.
Your magical power is your life essence.
You have superior vitality. (+4 MHP)
Your mind is acute. (Int +4, Str/Dex -1)
Armour fits poorly on your strangely shaped body.
Your body often deteriorates upon taking damage.


   Skills:
 + Level 3.1 Fighting
 - Level 5.5 Ranged Weapons
 - Level 3.0 Dodging
 - Level 0.7 Stealth


You knew the following spells:

 Your Spells              Type           Power      Damage    Failure   Level
a - Kiss of Death         Conj/Necr      0%         2d5       38%         1
b - Scorch                Fire           0%         2d5       52%         2
Your spell library was empty.

Inventory:

Hand Weapons
 a - a +1 shortbow (weapon)
Armour
 c - a +0 leather armour (worn)
Jewellery
 f - a ring of protection from fire (left hand)
 g - a ring of protection from cold (right hand)
Scrolls
 b - a scroll of teleportation
Potions
 h - a potion of heal wounds {unknown}

Dungeon Overview and Level Annotations

Branches:
Dungeon (4/15)
 Temple: D:4-7

Altars:
Yredelemnul


Message History

A goblin comes into view. It is wielding a +0 club.
You shoot an arrow. The arrow misses the goblin.
The goblin shouts!
You shoot an arrow. The arrow hits the goblin!
You kill the goblin!
Things that are here:
a +0 club; a goblin corpse
Found a robe.
Found a stone staircase leading down.
You see here a +0 robe.
A dart slug comes into view.
You shoot an arrow. The arrow hits the dart slug!
You kill the dart slug!
You now have 130 gold pieces (gained 4).
A centaur comes into view.
You shoot an arrow. The arrow hits the centaur.
The centaur shouts!
The centaur is lightly wounded.
You hear a bark!
The centaur wields a +0 orcbow.
The centaur shoots an arrow.
The arrow hits you.
A jackal comes into view.
You hear a bark!
You hear a shout!
You shoot an arrow. The arrow hits the jackal!
You kill the jackal!
The centaur shoots an arrow.
The arrow hits you!
The centaur shoots an arrow.
The arrow hits you!
Your body deteriorates!
You feel weakened.
You shoot an arrow. The arrow barely misses the centaur.
The centaur shoots an arrow.
The arrow hits you!
Your body deteriorates!
You feel weakened.
The centaur shoots an arrow.
The arrow barely misses you.
2742 ||| READING 2 scrolls of teleportation.
As you read the scroll of teleportation, it crumbles to dust.
You feel strangely unstable.
The centaur shoots an arrow.
The arrow misses you.
You shoot an arrow. The arrow hits the centaur.
The centaur is lightly wounded.
A hound comes into view.
The centaur shoots an arrow.
The arrow hits you!
You die...

..... ... #...######.#
h.# ........##.####c.#
#.....%....... ..#
#...##.##..# #.####
#...##.##..# #....
#..........# #..###.#
#.#.##.##..####......#
#.#.##.##......@..#
##.#[........####.....#
#.#.###..>...# .#.#.#
.###.######.## .# #
#.#.## #.# .# ##.## #.#
.. #.# #.# ..
##.########.# ..
.........#


You could see a centaur and a hound (wandering).

Vanquished Creatures
  Menkaure (D:4)
  A scorpion zombie (D:3)
  An orc wizard (D:3)
  A howler monkey zombie (D:3)
  3 gnolls (D:2)
  An adder (D:2)
  An adder zombie (D:3)
  2 dart slugs
  A ribbon worm (D:2)
  3 orcs (D:3)
  4 endoplasms
  5 giant cockroaches
  4 hobgoblins
  4 jackals
  6 kobolds
  2 quokkas
  3 ball pythons
  A ball python zombie (D:3)
  7 bats
  4 frilled lizards
  7 goblins
  3 rats
65 creatures vanquished.

Notes
Turn   | Place    | Note
-------+----------+-------------------------------------------
     0 | D:1      | qw the Djinni Hunter began the quest for the Orb.
     0 | D:1      | Reached XP level 1. HP: 18/18 MP: 0/0
     0 | D:1      | 0 ||| qw: Version: 0.3-a-135-gb77e89d
     0 | D:1      | 0 ||| qw: Game counter: 852
     0 | D:1      | 0 ||| qw: Melee chars always use a shield: true
     0 | D:1      | 0 ||| qw: God list: Okawaru
     0 | D:1      | 0 ||| qw: Allow faded altars: false
     0 | D:1      | 0 ||| qw: Do Orc after clearing Dungeon:15 true
     0 | D:1      | 0 ||| qw: Do second Lair branch before Depths: true
     0 | D:1      | 0 ||| qw: Lair rune preference: random
     0 | D:1      | 0 ||| qw: Goals: Normal
     0 | D:1      | 0 ||| PLANNING D:1-11
   149 | D:1      | Reached XP level 2. HP: 23/23 MP: 0/0
   381 | D:1      | 381 ||| RETREEEEATING.
   466 | D:1      | Reached XP level 3. HP: 28/28 MP: 0/0
   466 | D:1      | Learned a level 1 spell: Kiss of Death
   476 | D:1      | Reached skill level 4 in Ranged Weapons
   638 | D:1      | 638 ||| DROPPING scarf of harm.
   639 | D:1      | 639 ||| UPGRADING to ring of protection from fire.
   640 | D:1      | 640 ||| READING 2 scrolls labelled BITHRE ILAEGIR.
   643 | D:1      | 643 ||| READING scroll labelled AHUDATARHICUPN.
   644 | D:1      | 644 ||| READING scroll labelled GAOBBE FAGA.
   644 | D:1      | 644 ||| IDENTIFYING cyan potion
   645 | D:1      | 645 ||| READING scroll labelled QOXKADONUN.
   646 | D:1      | 646 ||| READING scroll labelled WOCIAS MEOGUOKLA.
   697 | D:1      | 697 ||| DROPPING scroll of butterflies.
   698 | D:1      | 698 ||| DROPPING potion of attraction.
   732 | D:2      | 732 ||| FLEEEEING.
   737 | D:2      | 737 ||| STAIRDANCE
   898 | D:2      | HP: 7/29 [gnoll/+0 spear (5)]
   899 | D:2      | Reached skill level 3 in Fighting
   899 | D:2      | Reached XP level 4. HP: 8/35 MP: 0/0
   899 | D:2      | 899 ||| READING scroll of teleportation.
   899 | D:2      | HP: 2/35 [gnoll/+0 spear (7)]
  1191 | D:2      | Reached skill level 3 in Dodging
  1472 | D:2      | 1472 ||| READING 3 scrolls labelled DOTA HIAGROP.
  1573 | D:2      | 1573 ||| READING scroll labelled QIZUDU DOBOEPS.
  1574 | D:2      | 1574 ||| READING scroll labelled ACRYLU LAPRUQI.
  1575 | D:2      | 1575 ||| READING scroll labelled RUKUSOCEDGH.
  1575 | D:2      | 1575 ||| ENCHANTING +0 shortbow.
  1576 | D:2      | 1576 ||| DROPPING 2 scrolls of vulnerability.
  1644 | D:3      | 1644 ||| DRINKING grey potion.
  1645 | D:3      | 1645 ||| DRINKING coppery potion.
  1646 | D:3      | 1646 ||| DRINKING black potion.
  1647 | D:3      | 1647 ||| DRINKING ruby potion.
  1647 | D:3      | Gained mutation: Your body sometimes deteriorates upon
                  | taking damage. [potion of mutation]
  1647 | D:3      | Gained mutation: Your body often deteriorates upon taking
                  | damage. [potion of mutation]
  1647 | D:3      | Gained mutation: Armour fits poorly on your strangely
                  | shaped body. [potion of mutation]
  1647 | D:3      | Gained mutation: Your mind is acute. (Int +4, Str/Dex -1)
                  | [potion of mutation]
  1648 | D:3      | 1648 ||| DRINKING bubbling green potion.
  1649 | D:3      | 1649 ||| FLEEEEING.
  1650 | D:3      | 1650 ||| FLEEEEING.
  1651 | D:3      | 1651 ||| FLEEEEING.
  1652 | D:3      | 1652 ||| FLEEEEING.
  1653 | D:3      | 1653 ||| FLEEEEING.
  1654 | D:3      | 1654 ||| FLEEEEING.
  1656 | D:3      | 1656 ||| FLEEEEING.
  1657 | D:3      | 1657 ||| FLEEEEING.
  1658 | D:3      | 1658 ||| FLEEEEING.
  1659 | D:3      | 1659 ||| FLEEEEING.
  1660 | D:3      | 1660 ||| FLEEEEING.
  1661 | D:3      | 1661 ||| FLEEEEING.
  1662 | D:3      | 1662 ||| FLEEEEING.
  1663 | D:3      | 1663 ||| FLEEEEING.
  1664 | D:3      | 1664 ||| FLEEEEING.
  1665 | D:3      | 1665 ||| FLEEEEING.
  1672 | D:3      | Reached XP level 5. HP: 19/40 MP: 0/0
  1672 | D:3      | Learned a level 2 spell: Scorch
  1676 | D:3      | HP: 9/40 [orc/+0 hand axe (7)]
  1677 | D:3      | 1677 ||| READING 2 scrolls of teleportation.
  1997 | D:3      | Found a basalt altar of Yredelemnul.
  2523 | D:3      | 2523 ||| UPGRADING to ring of protection from cold.
  2524 | D:3      | 2524 ||| READING scroll labelled IFEXZANK VUSCH.
  2524 | D:3      | 2524 ||| ENCHANTING +1 shortbow.
  2525 | D:3      | 2525 ||| READING scroll labelled VYCAT XUADEYFIVO.
  2608 | D:4      | Noticed Menkaure
  2618 | D:4      | Killed Menkaure
  2619 | D:4      | Reached skill level 5 in Ranged Weapons
  2619 | D:4      | Reached XP level 6. HP: 27/46 MP: 0/0
  2741 | D:4      | HP: 5/46 [centaur/arrow (16)]
  2742 | D:4      | 2742 ||| READING 2 scrolls of teleportation.
  2743 | D:4      | Shot with an arrow by a centaur

Levels and vault maps discovered:
D:1:      amcnicky_arrival_underground_garden, layout_basic,
          minmay_misc_feat_tower, minivault_4, minmay_vboxes
D:2:      layout_loops_ring
D:3:      layout_loops_ring, nicolae_yredelemnul_corpse_copse
D:4:      layout_loops_ring, uniq_sigmund, uniq_menkaure

Skill      XL: |  1  2  3  4  5 |
---------------+----------------+-----
Ranged Weapons | 4 5 |  5.5
Fighting       | 3 |  3.1
Dodging        | 3 |  3.0
Stealth        | |  0.7

Action                     |  1- 3 |  4- 6 || total
---------------------------+-------+-------++-------
   Fire: Shortbow          |    88 |   127 ||   215
    Use: Scroll            |     5 |     9 ||    14
         Potion            |       |     5 ||     5
 Armour: Leather armour    |    22 |    40 ||    62
         Skin              |       |     2 ||     2
  Dodge: Dodged            |    30 |    37 ||    67

Table legend:
 A = Non-vault XP
 B = Vault XP
 C = Vault XP percentage of total XP
 D = Non-vault monster count
 E = Vault monster count
 F = Vault count percentage of total count
                 A         B        C        D         E       F
            +---------+---------+-------+---------+---------+-------
      Total |     184 |     241 |  56.7 |      53 |      12 |  18.5
            +---------+---------+-------+---------+---------+-------
        D:1 |      21 |      10 |  32.3 |      14 |       7 |  33.3
        D:2 |      97 |       0 |   0.0 |      24 |       0 |   0.0
        D:3 |      55 |      59 |  51.8 |      10 |       4 |  28.6
        D:4 |      11 |     172 |  94.0 |       5 |       1 |  16.7
            +---------+---------+-------+---------+---------+-------
